[Event "ICC tourney 2565 (45 10)"]
[Site "Internet Chess Club"]
[Date "2021.05.15"]
[Round "1"]
[White "PU, HENRY:hpu2005"]
[Black "ARIAS SANTANA, MAURICIO:Enemigoalacecho"]
[Result "1-0"]
[ICCResult "Black resigns"]
[WhiteElo "1955"]
[BlackElo "2420"]
[Opening "Benkö gambit accepted"]
[ECO "A58"]
[NIC "BI.45"]
[Time "11:03:36"]
[PlyCount "55"]
[TimeControl "2700+10"]

1. d4 Nf6 2. c4 c5 3. d5 b5 4. cxb5 a6 5. bxa6 g6 6. Nc3 Bg7 7. Nf3 O-O 8.
h3 Bxa6 9. e4 Qa5 10. Bd2 e6 11. dxe6 fxe6 12. Be2 Bxe2 13. Qxe2 Qa6 14.
Qxa6 Rxa6 15. Be3 Rc8 16. Rd1 Rb6 17. b3 Rb4 18. e5 Ne4 19. Nxe4 Rxe4 20.
O-O Bxe5 21. Rc1 Bd6 22. Nd2 Rb4 23. a3 Rb5 24. b4 Na6 25. Ne4 Be7 26. bxc5
Nxc5 27. Bxc5 Bxc5 28. Nd6 { Black resigns } 1-0

[Event "ICC tourney 2565 (45 10)"]
[Site "Internet Chess Club"]
[Date "2021.05.15"]
[Round "1"]
[White "HEBDEN, MARK L:mhebden"]
[Black "REVESZ, GREGORY:GRevesz"]
[Result "1-0"]
[ICCResult "Black resigns"]
[WhiteElo "2503"]
[BlackElo "2037"]
[Opening "Dutch defense"]
[ECO "A81"]
[NIC "HD.12"]
[Time "11:03:21"]
[PlyCount "48"]
[TimeControl "2700+10"]

1. d4 f5 2. g3 e6 3. Bg2 d5 4. Nf3 Nd7 5. O-O Ngf6 6. c4 c6 7. b3 Bd6 8.
Ba3 Qe7 9. Bxd6 Qxd6 10. Nc3 Ne4 11. Rc1 b6 12. e3 Ba6 13. Qc2 Rg8 14. Rfd1
g5 15. Bf1 Bb7 16. Qb2 h5 17. Nxe4 fxe4 18. Ne5 g4 19. b4 Rg5 20. c5 Qc7
21. Nxd7 Qxd7 22. b5 cxb5 23. c6 Bxc6 24. Rxc6 a6 { Black resigns } 1-0

[Event "ICC tourney 2565 (45 10)"]
[Site "Internet Chess Club"]
[Date "2021.05.15"]
[Round "1"]
[White "Volkov, Sergey:Volkov"]
[Black "YANG Jr., ANDY:lemonoosa"]
[Result "1-0"]
[ICCResult "Black resigns"]
[WhiteElo "2607"]
[BlackElo "2078"]
[Opening "Nimzo-Indian: Kmoch variation"]
[ECO "E20"]
[NIC "NI.30"]
[Time "11:03:19"]
[PlyCount "83"]
[TimeControl "2700+10"]

1. d4 Nf6 2. c4 e6 3. Nc3 Bb4 4. f3 O-O 5. a3 Bxc3+ 6. bxc3 d5 7. cxd5 exd5
8. e3 Bf5 9. Ne2 Re8 10. Ng3 Bg6 11. Bd3 c5 12. O-O Nc6 13. Ra2 Qa5 14. Re2
Qxc3 15. Bxg6 hxg6 16. Rc2 Qb3 17. Rxc5 Rxe3 18. Bxe3 Qxe3+ 19. Kh1 Nxd4
20. Qc1 Qxc1 21. Rfxc1 Re8 22. Rc8 Nc6 23. Rxe8+ Nxe8 24. Rd1 Nf6 25. Ne2
Kf8 26. Nf4 Ne7 27. h4 Ke8 28. g4 Kd7 29. g5 Ne8 30. Nxd5 Nxd5 31. Rxd5+
Ke6 32. Rd8 Nd6 33. Kg2 Nf5 34. Kh3 Ke7 35. Rb8 Nd6 36. Kg4 Kd7 37. Kf4 Kc7
38. Rg8 Nf5 39. h5 Kd6 40. Rb8 Kc7 41. Rf8 Nd6 42. h6 { Black resigns } 1-0

[Event "ICC tourney 2565 (45 10)"]
[Site "Internet Chess Club"]
[Date "2021.05.15"]
[Round "1"]
[White "YERRA, SAI SNEHA:saisneha"]
[Black "SHEEHAN, ETHAN THOMAS:Chessking2008"]
[Result "0-1"]
[ICCResult "White checkmated"]
[WhiteElo "1927"]
[BlackElo "2192"]
[Opening "Queen's Indian: old main line, 9.Qxc3"]
[ECO "E19"]
[NIC "QI.12"]
[Time "11:03:21"]
[PlyCount "66"]
[TimeControl "2700+10"]

1. d4 Nf6 2. c4 e6 3. Nf3 b6 4. g3 Bb7 5. Bg2 Be7 6. O-O O-O 7. Nc3 Ne4 8.
Qc2 Nxc3 9. Qxc3 f5 10. b3 Bf6 11. Bb2 d6 12. Rfe1 Nd7 13. Rad1 Qe7 14. Qd2
Rad8 15. d5 Bxb2 16. Qxb2 e5 17. Qd2 h6 18. Nh4 Rf6 19. Bh3 Rdf8 20. Qc2 e4
21. f3 g5 22. Ng2 Ne5 23. Ne3 exf3 24. Nxf5 f2+ 25. Kxf2 g4 26. e4 gxh3 27.
Ke2 Qe8 28. Qd2 Qh5+ 29. Kf2 Rxf5+ 30. exf5 Rxf5+ 31. Ke3 Qf3+ 32. Kd4 c5+
33. dxc6 Nxc6# { White checkmated } 0-1

[Event "ICC tourney 2565 (45 10)"]
[Site "Internet Chess Club"]
[Date "2021.05.15"]
[Round "1"]
[White "RODRIGUEZ, ELENA:Cachi16"]
[Black "VENKATARAMAN, KARTHIK:karthikvap"]
[Result "0-1"]
[ICCResult "White resigns"]
[WhiteElo "2100"]
[BlackElo "2623"]
[Opening "Sicilian: Canal-Sokolsky attack, 3...Bd7"]
[ECO "B52"]
[NIC "SI.01"]
[Time "11:03:21"]
[PlyCount "72"]
[TimeControl "2700+10"]

1. e4 c5 2. Nf3 d6 3. Bb5+ Bd7 4. Bxd7+ Nxd7 5. c4 Ngf6 6. Nc3 g6 7. d4
cxd4 8. Nxd4 Bg7 9. Be3 O-O 10. f3 Rc8 11. b3 a6 12. Rc1 e6 13. O-O Qa5 14.
Qd2 Rfe8 15. Rfd1 Ne5 16. h3 Red8 17. a4 Kh8 18. Qf2 Ned7 19. Nde2 Qc7 20.
Rd2 Ne8 21. Rcd1 Nc5 22. Rb1 Kg8 23. f4 Nf6 24. Qf3 Qc6 25. Nd4 Qe8 26. f5
exf5 27. exf5 Nfe4 28. Nxe4 Nxe4 29. Rd3 d5 30. cxd5 Rc3 31. Rbd1 Rxd3 32.
Rxd3 Rxd5 33. Rd1 Nc3 34. Rd3 Bxd4 35. Rxd4 Rxd4 36. Bxd4 Ne2+ { White
resigns } 0-1

[Event "ICC tourney 2565 (45 10)"]
[Site "Internet Chess Club"]
[Date "2021.05.15"]
[Round "1"]
[White "FILIPOVICH, DAVID MICHAEL:dmfcan"]
[Black "Chin, Spencer:Baseballchamp"]
[Result "0-1"]
[ICCResult "White resigns"]
[WhiteElo "2150"]
[BlackElo "1911"]
[Opening "Réti: King's Indian attack (Barcza system)"]
[ECO "A07"]
[NIC "QP.09"]
[Time "11:03:23"]
[PlyCount "54"]
[TimeControl "2700+10"]

1. Nf3 d5 2. g3 Nc6 3. d4 Bf5 4. Bg2 e6 5. O-O Nf6 6. c4 Bd6 7. cxd5 exd5
8. Nc3 O-O 9. Bg5 Be7 10. e3 Ne4 11. Bxe7 Nxe7 12. Nh4 Nxc3 13. bxc3 Be6
14. f4 Nf5 15. Nxf5 Bxf5 16. Qb3 Qe7 17. Qxd5 Qxe3+ 18. Kh1 Be6 19. Qxb7
Qxc3 20. d5 Rfb8 21. Qa6 Bc8 22. Qa4 Bb7 23. Rac1 Qd2 24. Rfd1 Qe2 25. Rxc7
Bxd5 26. Bxd5 Rb2 27. Bxf7+ Kh8 { White resigns } 0-1

[Event "ICC tourney 2565 (45 10)"]
[Site "Internet Chess Club"]
[Date "2021.05.15"]
[Round "1"]
[White "WU, WILLIAM:chessw23"]
[Black "LEE, ALICE TERESA:binomialfactor"]
[Result "0-1"]
[ICCResult "White resigns"]
[WhiteElo "1919"]
[BlackElo "2173"]
[Opening "Caro-Kann: advance variation"]
[ECO "B12"]
[NIC "CK.04"]
[Time "11:03:21"]
[PlyCount "72"]
[TimeControl "2700+10"]

1. e4 c6 2. d4 d5 3. e5 Bf5 4. Nf3 e6 5. Be2 c5 6. Be3 Qb6 7. Nc3 Nc6 8.
O-O c4 9. Rb1 Rd8 10. Ne1 Bb4 11. a3 Bxc3 12. bxc3 Qc7 13. f4 Nge7 14. Nf3
h6 15. Bd2 Kd7 16. Rb2 Kc8 17. a4 Be4 18. Qa1 f6 19. Ra2 fxe5 20. Nxe5 Nxe5
21. fxe5 Rhf8 22. Bc1 Rxf1+ 23. Bxf1 Nf5 24. Ba3 Qf7 25. Qe1 Qg6 26. Rb2
Rd7 27. a5 Rf7 28. a6 b6 29. Bc5 Qg5 30. Bxb6 Ne3 31. Bxa7 Rxf1+ 32. Qxf1
Nxf1 33. Rb8+ Kd7 34. Rb7+ Ke8 35. Rb8+ Kf7 36. Rb7+ Kg6 { White resigns }
0-1

[Event "ICC tourney 2565 (45 10)"]
[Site "Internet Chess Club"]
[Date "2021.05.15"]
[Round "1"]
[White "GOPAKUMAR, SIDDHARTH:siddhu"]
[Black "VAKHIDOV, JAKHONGIR:TjkTiger"]
[Result "0-1"]
[ICCResult "White resigns"]
[WhiteElo "2050"]
[BlackElo "2602"]
[Opening "Sicilian: accelerated fianchetto, Maróczy bind, 6.Be3"]
[ECO "B38"]
[NIC "SI.43"]
[Time "11:04:15"]
[PlyCount "62"]
[TimeControl "2700+10"]

1. e4 c5 2. Nf3 g6 3. d4 cxd4 4. Nxd4 Bg7 5. c4 Nc6 6. Be3 Qb6 7. Nxc6 Qxc6
8. Qc2 b6 9. Nc3 Bb7 10. Bd3 e6 11. O-O Ne7 12. f4 O-O 13. f5 exf5 14. exf5
Nxf5 15. Bxf5 gxf5 16. Rxf5 Rae8 17. Nd5 Qg6 18. Qf2 Bxd5 19. Rxd5 Re4 20.
Rxd7 Rfe8 21. Bd4 Re2 22. Qf3 Rd2 23. Rd1 Qxg2+ 24. Qxg2 Rxd1+ 25. Qf1
Bxd4+ 26. Rxd4 Rxd4 27. Qg2+ Kf8 28. Qc6 Re6 29. Qc8+ Kg7 30. Qc7 Rf6 31.
b4 Rg4+ { White resigns } 0-1

[Event "ICC tourney 2565 (45 10)"]
[Site "Internet Chess Club"]
[Date "2021.05.15"]
[Round "1"]
[White "Vittal, Sanjana:MCTS13"]
[Black "YIN, BENJAMIN:Ben2008"]
[Result "1-0"]
[ICCResult "Black forfeits on time"]
[WhiteElo "2190"]
[BlackElo "1923"]
[Opening "Sicilian: closed"]
[ECO "B23"]
[NIC "SI.44"]
[Time "11:03:31"]
[PlyCount "69"]
[TimeControl "2700+10"]

1. e4 c5 2. Nc3 d6 3. f4 e6 4. Nf3 Nc6 5. Bb5 Nf6 6. Bxc6+ bxc6 7. d3 Be7
8. O-O O-O 9. Qe1 Qc7 10. Na4 Bb7 11. c4 d5 12. b3 Rad8 13. e5 Nd7 14. Ba3
Rfe8 15. Qc3 Rc8 16. Rae1 h6 17. Kh1 Kh8 18. Qd2 Rcd8 19. Qf2 d4 20. Qd2
Kg8 21. Re2 Rb8 22. Qe1 Kh8 23. Nd2 Bc8 24. Ne4 a5 25. Nexc5 Nxc5 26. Bxc5
Bxc5 27. Nxc5 Qa7 28. Ne4 c5 29. Nd6 Re7 30. Qh4 Rd7 31. h3 Bb7 32. f5 exf5
33. Rxf5 Bc6 34. Qf4 Kg8 35. Rf2 { Black forfeits on time } 1-0

[Event "ICC tourney 2565 (45 10)"]
[Site "Internet Chess Club"]
[Date "2021.05.15"]
[Round "1"]
[White "CHINCHILLA MIRANDA, EUGENIO:Chinchi"]
[Black "LIANG, YU-CHENG:Yucheng"]
[Result "1/2-1/2"]
[ICCResult "Game drawn by repetition"]
[WhiteElo "2330"]
[BlackElo "1929"]
[Opening "QGD: Chigorin defense"]
[ECO "D07"]
[NIC "QP.08"]
[Time "11:03:32"]
[PlyCount "60"]
[TimeControl "2700+10"]

1. d4 d5 2. c4 Nc6 3. Nc3 Nf6 4. cxd5 Nxd5 5. Nf3 Bf5 6. Bg5 f6 7. Bh4 e5
8. Nxe5 Nxe5 9. dxe5 Nxc3 10. bxc3 Qxd1+ 11. Rxd1 fxe5 12. e3 Be6 13. Rd2
Be7 14. Bg3 Bf6 15. e4 Ke7 16. Rb2 b6 17. Ba6 Rad8 18. Ke2 Rd7 19. Bb5 c6
20. Bxc6 Bc4+ 21. Ke1 Rd3 22. Rb4 Rhd8 23. Rxc4 Rd1+ 24. Ke2 Rxh1 25. Bd5
Rb1 26. Rc6 Rd6 27. Rc7+ Rd7 28. Rc6 Rd6 29. Rc7+ Rd7 30. Rc6 Rd6 { Game
drawn by repetition } 1/2-1/2

[Event "ICC tourney 2565 (45 10)"]
[Site "Internet Chess Club"]
[Date "2021.05.15"]
[Round "1"]
[White "LANCMAN, KYLE B.:Kyle2007"]
[Black "IVANOV, ALEXANDER:marble"]
[Result "0-1"]
[ICCResult "White forfeits on time"]
[WhiteElo "2032"]
[BlackElo "2494"]
[Opening "Robatsch defense: two knights, Suttles variation"]
[ECO "B06"]
[NIC "KF.05"]
[Time "11:03:19"]
[PlyCount "78"]
[TimeControl "2700+10"]

1. e4 g6 2. d4 Bg7 3. Nc3 c6 4. Nf3 d6 5. Be3 Qb6 6. Rb1 Qc7 7. h3 Nd7 8.
Be2 Ngf6 9. O-O O-O 10. Qd2 b5 11. Bd3 e5 12. dxe5 dxe5 13. b4 Bb7 14. a4
a6 15. Nh2 Rad8 16. Qe2 Rfe8 17. Ng4 Nxg4 18. hxg4 Nf8 19. f3 Ne6 20. Qf2
Qe7 21. axb5 cxb5 22. Ne2 Rd7 23. g3 Ng5 24. Kg2 h6 25. Bc5 Qd8 26. Qe3 f5
27. gxf5 gxf5 28. Nc3 f4 29. Qf2 fxg3 30. Qxg3 Ne6 31. Be3 Nf4+ 32. Bxf4
exf4 33. Qg4 Re5 34. Kf2 Rxd3 35. cxd3 Qd4+ 36. Kg2 Rg5 37. Qxg5 hxg5 38.
Ne2 Qxd3 39. Ng1 g4 { White forfeits on time } 0-1

[Event "ICC tourney 2565 (45 10)"]
[Site "Internet Chess Club"]
[Date "2021.05.15"]
[Round "1"]
[White "Minero Pineda, Sergio:SuperBueno"]
[Black "HU, ALEXANDER C:ahu1015"]
[Result "1-0"]
[ICCResult "Black resigns"]
[WhiteElo "2490"]
[BlackElo "2023"]
[Opening "Grünfeld: Grünfeld gambit, Capablanca variation"]
[ECO "D83"]
[NIC "GI.03"]
[Time "11:03:21"]
[PlyCount "93"]
[TimeControl "2700+10"]

1. d4 Nf6 2. c4 g6 3. Nc3 d5 4. Bf4 Bg7 5. e3 O-O 6. Rc1 c5 7. dxc5 Qa5 8.
cxd5 Rd8 9. Bc4 Qxc5 10. Bb3 Na6 11. Nf3 Bg4 12. O-O Rac8 13. h3 Bd7 14. e4
Qb4 15. a3 Qa5 16. e5 Ne8 17. Bg5 f6 18. d6+ e6 19. exf6 Bxf6 20. Bxf6 Nxf6
21. Qd4 Rf8 22. Ne5 Nc5 23. Ba2 Qb6 24. Nxd7 Ncxd7 25. Bxe6+ Kg7 26. Qxb6
axb6 27. Nb5 Rc6 28. Rxc6 bxc6 29. Nd4 c5 30. Nc6 Re8 31. Bc4 Ne4 32. Rd1
Kf6 33. h4 Kg7 34. g3 Rf8 35. Be6 Nb8 36. Nxb8 Rxb8 37. d7 Rd8 38. Bc4 Kf6
39. Kg2 Kg7 40. f3 Nf6 41. Bb5 Kf7 42. Rd6 Ke7 43. Rxb6 Nxd7 44. Rb7 Ke6
45. Rxd7 Rxd7 46. Bxd7+ Kxd7 47. Kf2 { Black resigns } 1-0

[Event "ICC tourney 2565 (45 10)"]
[Site "Internet Chess Club"]
[Date "2021.05.15"]
[Round "2"]
[White "Chin, Spencer:Baseballchamp"]
[Black "Minero Pineda, Sergio:SuperBueno"]
[Result "1/2-1/2"]
[ICCResult "Game drawn by repetition"]
[WhiteElo "1911"]
[BlackElo "2490"]
[Opening "French: Tarrasch, closed variation"]
[ECO "C05"]
[NIC "FR.16"]
[Time "13:31:54"]
[PlyCount "47"]
[TimeControl "2700+10"]

1. e4 e6 2. d4 d5 3. Nd2 Nf6 4. e5 Nfd7 5. f4 c5 6. Ngf3 Nc6 7. Nb3 Be7 8.
Be3 b6 9. Be2 O-O 10. O-O cxd4 11. Nbxd4 Bb7 12. Nxc6 Bxc6 13. Nd4 Bb7 14.
Bd3 Nc5 15. Bxh7+ Kxh7 16. Qh5+ Kg8 17. Rf3 f5 18. Rh3 a5 19. Qg6 Qe8 20.
Qh7+ Kf7 21. Qh5+ Kg8 22. Qh7+ Kf7 23. Qh5+ Kg8 24. Qh7+ { Game drawn by
repetition } 1/2-1/2

[Event "ICC tourney 2565 (45 10)"]
[Site "Internet Chess Club"]
[Date "2021.05.15"]
[Round "2"]
[White "LIANG, YU-CHENG:Yucheng"]
[Black "FILIPOVICH, DAVID MICHAEL:dmfcan"]
[Result "1/2-1/2"]
[ICCResult "Game drawn by mutual agreement"]
[WhiteElo "1929"]
[BlackElo "2150"]
[Opening "Beefeater defense"]
[ECO "A40"]
[NIC "QO.17"]
[Time "13:31:48"]
[PlyCount "50"]
[TimeControl "2700+10"]

1. d4 g6 2. c4 Bg7 3. Nc3 c5 4. d5 Bxc3+ 5. bxc3 f5 6. f3 Nf6 7. Bh6 Qa5 8.
Qc2 d6 9. Nh3 Nbd7 10. Nf2 Ne5 11. e4 Bd7 12. Bg7 Rg8 13. Bxf6 exf6 14. f4
Ng4 15. Nxg4 fxg4 16. Be2 O-O-O 17. O-O Rde8 18. Bd3 Re7 19. Rae1 Rge8 20.
Re2 f5 21. Rfe1 fxe4 22. Rxe4 Qd8 23. Rxe7 Rxe7 24. Rxe7 Qxe7 25. Qd2 Kc7 {
Game drawn by mutual agreement } 1/2-1/2

[Event "ICC tourney 2565 (45 10)"]
[Site "Internet Chess Club"]
[Date "2021.05.15"]
[Round "2"]
[White "VENKATARAMAN, KARTHIK:karthikvap"]
[Black "Vittal, Sanjana:MCTS13"]
[Result "1-0"]
[ICCResult "Black resigns"]
[WhiteElo "2623"]
[BlackElo "2190"]
[Opening "Catalan: open, 5.Nf3"]
[ECO "E04"]
[NIC "CA.03"]
[Time "13:31:55"]
[PlyCount "55"]
[TimeControl "2700+10"]

1. d4 d5 2. c4 e6 3. Nf3 Nf6 4. g3 dxc4 5. Bg2 Nc6 6. O-O Rb8 7. Bg5 Be7 8.
e3 b5 9. b3 Nb4 10. bxc4 bxc4 11. Ne5 Ba6 12. a3 Nd3 13. Nc6 Qc8 14. Nxb8
Qxb8 15. Qa4+ Bb5 16. Bc6+ Bxc6 17. Qxc6+ Kf8 18. Qxc4 Nb2 19. Qc2 c5 20.
Nd2 cxd4 21. exd4 Qb5 22. Bxf6 Bxf6 23. a4 Qb6 24. Nf3 Ke7 25. Rfb1 Rb8 26.
Ra2 Qb7 27. Raxb2 Qxf3 28. Qc7+ { Black resigns } 1-0

[Event "ICC tourney 2565 (45 10)"]
[Site "Internet Chess Club"]
[Date "2021.05.15"]
[Round "2"]
[White "IVANOV, ALEXANDER:marble"]
[Black "HOWARD, DEAN:edgehog"]
[Result "1-0"]
[ICCResult "Black resigns"]
[WhiteElo "2494"]
[BlackElo "1975"]
[Opening "Caro-Kann: advance variation"]
[ECO "B12"]
[NIC "CK.04"]
[Time "13:31:43"]
[PlyCount "53"]
[TimeControl "2700+10"]

1. e4 c6 2. d4 d5 3. e5 Bf5 4. h4 Qb6 5. Nc3 h5 6. Na4 Qc7 7. Be2 g6 8. Nf3
Nd7 9. b3 b6 10. O-O e6 11. c4 dxc4 12. bxc4 Bg4 13. Bf4 Bh6 14. Ng5 Bxe2
15. Qxe2 Ne7 16. Rfd1 O-O 17. Nxe6 fxe6 18. Bxh6 Rf7 19. Nc3 Nf5 20. Bg5
Raf8 21. Qe4 Ng7 22. Qxg6 c5 23. Ne4 cxd4 24. Nf6+ Rxf6 25. exf6 Ne5 26.
Qxg7+ Qxg7 27. fxg7 { Black resigns } 1-0

[Event "ICC tourney 2565 (45 10)"]
[Site "Internet Chess Club"]
[Date "2021.05.15"]
[Round "2"]
[White "REVESZ, GREGORY:GRevesz"]
[Black "RODRIGUEZ, ELENA:Cachi16"]
[Result "1/2-1/2"]
[ICCResult "Game drawn by repetition"]
[WhiteElo "2037"]
[BlackElo "2100"]
[Opening "Scotch gambit: Dubois-Réti defense"]
[ECO "C55"]
[NIC "KP.02"]
[Time "13:32:26"]
[PlyCount "75"]
[TimeControl "2700+10"]

1. e4 e5 2. d4 exd4 3. Bc4 Nc6 4. Nf3 Nf6 5. e5 Ne4 6. Qe2 Nc5 7. c3 dxc3
8. Nxc3 Be7 9. Nd5 O-O 10. h4 d6 11. Ng5 Nxe5 12. Qc2 g6 13. Nxh7 Bf5 14.
Qd2 Kxh7 15. Qh6+ Kg8 16. Bg5 Re8 17. Bxe7 Ng4 18. Qg5 c6 19. Kf1 Qd7 20.
h5 cxd5 21. hxg6 Bxg6 22. Bf6 Nxf6 23. Qxf6 Bh7 24. Qg5+ Kh8 25. Qf6+ Kg8
26. Qg5+ Kh8 27. Qf6+ Kg8 28. Qg5+ Kh8 29. Qf6+ Kg8 30. Qg5+ Kh8 31. Qf6+
Kg8 32. Qg5+ Kh8 33. Qf6+ Kg8 34. Qg5+ Kh8 35. Qf6+ Kg8 36. Qg5+ Kh8 37.
Qf6+ Kg8 38. Qg5+ { Game drawn by repetition } 1/2-1/2

[Event "ICC tourney 2565 (45 10)"]
[Site "Internet Chess Club"]
[Date "2021.05.15"]
[Round "2"]
[White "HU, ALEXANDER C:ahu1015"]
[Black "GOPAKUMAR, SIDDHARTH:siddhu"]
[Result "1-0"]
[ICCResult "Black resigns"]
[WhiteElo "2023"]
[BlackElo "2050"]
[Opening "Sicilian: Najdorf, Adams attack"]
[ECO "B90"]
[NIC "SI.14"]
[Time "13:31:55"]
[PlyCount "69"]
[TimeControl "2700+10"]

1. e4 c5 2. Nf3 d6 3. d4 cxd4 4. Nxd4 Nf6 5. Nc3 a6 6. h3 e5 7. Nde2 Be7 8.
g4 Be6 9. Bg2 Nc6 10. O-O b5 11. Nd5 Bxd5 12. exd5 Na5 13. Ng3 Nd7 14. Nf5
O-O 15. Qe2 Nc4 16. b3 Ncb6 17. Ba3 Nf6 18. Rad1 g6 19. Nxe7+ Qxe7 20. f4
Nfd7 21. Bb2 f5 22. fxe5 fxg4 23. Qxg4 Nxe5 24. Qe6+ Qxe6 25. dxe6 Rxf1+
26. Kxf1 Rf8+ 27. Ke2 Rc8 28. c3 Kf8 29. Rxd6 Nec4 30. bxc4 Nxc4 31. Rd2
Nxd2 32. Ba3+ Kg7 33. Kxd2 Kf6 34. e7 g5 35. Bc6 { Black resigns } 1-0

[Event "ICC tourney 2565 (45 10)"]
[Site "Internet Chess Club"]
[Date "2021.05.15"]
[Round "2"]
[White "SHEEHAN, ETHAN THOMAS:Chessking2008"]
[Black "PU, HENRY:hpu2005"]
[Result "1/2-1/2"]
[ICCResult "White stalemated"]
[WhiteElo "2192"]
[BlackElo "1955"]
[Opening "English: Mikenas-Carls variation"]
[ECO "A18"]
[NIC "EO.57"]
[Time "13:31:52"]
[PlyCount "110"]
[TimeControl "2700+10"]

1. c4 e6 2. Nc3 Nf6 3. e4 d5 4. cxd5 exd5 5. e5 Ne4 6. d4 Bb4 7. Qc2 Nc6 8.
Be3 O-O 9. Bd3 f6 10. exf6 Qxf6 11. Ne2 Bf5 12. O-O Nxc3 13. bxc3 Bd6 14.
Bxf5 Qxf5 15. Qxf5 Rxf5 16. Ng3 Rf7 17. Rab1 b6 18. Rb5 Ne7 19. a4 c6 20.
Rbb1 Re8 21. Rfe1 Nf5 22. Nxf5 Rxf5 23. g3 Rf6 24. Rec1 Re4 25. c4 dxc4 26.
Rxc4 c5 27. Rbc1 Rf5 28. Kg2 cxd4 29. Bxd4 Bc5 30. Bxc5 Rxc4 31. Rxc4 Rxc5
32. Rxc5 bxc5 33. Kf3 Kf7 34. Ke4 Ke6 35. f4 g6 36. a5 h5 37. a6 Kd6 38. h3
Ke6 39. g4 hxg4 40. hxg4 Kd6 41. f5 gxf5+ 42. gxf5 Ke7 43. Kd5 Kf6 44. Kxc5
Kxf5 45. Kd5 Kf6 46. Kd6 Kf7 47. Kd7 Kf6 48. Kc8 Ke7 49. Kc7 Ke6 50. Kb8
Kd6 51. Kxa7 Kc7 52. Ka8 Kc8 53. Ka7 Kc7 54. Ka8 Kc8 55. a7 Kc7 { White
stalemated } 1/2-1/2

[Event "ICC tourney 2565 (45 10)"]
[Site "Internet Chess Club"]
[Date "2021.05.15"]
[Round "2"]
[White "VAKHIDOV, JAKHONGIR:TjkTiger"]
[Black "SALAZAR, MELANIE:msalazarg"]
[Result "1-0"]
[ICCResult "Black checkmated"]
[WhiteElo "2602"]
[BlackElo "2100"]
[Opening "English: symmetrical variation"]
[ECO "A16"]
[NIC "EO.64"]
[Time "13:32:30"]
[PlyCount "67"]
[TimeControl "2700+10"]

1. c4 Nf6 2. Nc3 c5 3. g3 b6 4. Bg2 Nc6 5. e3 Bb7 6. Nge2 e6 7. O-O Be7 8.
d4 cxd4 9. exd4 d5 10. cxd5 Nxd5 11. Nxd5 exd5 12. Nc3 Na5 13. Qh5 O-O 14.
Nxd5 Bxd5 15. Bxd5 Rc8 16. Be3 Rc2 17. b3 Ba3 18. Rab1 Qd6 19. Bf4 Qd7 20.
b4 Nc4 21. Be4 g6 22. Qf3 Rxa2 23. Qb3 Qxd4 24. Qxa2 Qxe4 25. Rb3 h5 26. h4
g5 27. Bxg5 Re8 28. Rxa3 Qg4 29. Rc3 Nd6 30. Rc6 Re2 31. Qd5 Ne4 32. Rg6+
Kh7 33. Qxf7+ Kh8 34. Rg8# { Black checkmated } 1-0

[Event "ICC tourney 2565 (45 10)"]
[Site "Internet Chess Club"]
[Date "2021.05.15"]
[Round "2"]
[White "YIN, BENJAMIN:Ben2008"]
[Black "YERRA, SAI SNEHA:saisneha"]
[Result "1/2-1/2"]
[ICCResult "Game drawn by mutual agreement"]
[WhiteElo "1923"]
[BlackElo "1927"]
[Opening "Scotch game"]
[ECO "C45"]
[NIC "SO.05"]
[Time "13:31:44"]
[PlyCount "88"]
[TimeControl "2700+10"]

1. e4 e5 2. Nf3 Nc6 3. d4 exd4 4. Nxd4 Bc5 5. Nxc6 Qf6 6. Qf3 dxc6 7. Nc3
Be6 8. Bd3 O-O-O 9. Be3 Bd4 10. Bxd4 Qxd4 11. O-O-O Nf6 12. h3 Rhe8 13.
Rhe1 Qc5 14. Qe3 Qxe3+ 15. Rxe3 Nd7 16. f4 f6 17. Be2 Bf7 18. Bg4 h5 19.
Bxd7+ Rxd7 20. Rxd7 Kxd7 21. b3 b5 22. Kd2 a6 23. Ne2 c5 24. f5 c4 25. b4
Kd6 26. Ra3 Rxe4 27. Rxa6+ c6 28. c3 Bd5 29. g3 Re5 30. Nd4 Be4 31. g4 h4
32. Ra7 Bg2 33. Rxg7 Bxh3 34. Rg6 Kd5 35. Rxf6 Bxg4 36. Rxc6 h3 37. Rh6
Bxf5 38. Nxf5 Rxf5 39. Rxh3 Rf2+ 40. Ke3 Rxa2 41. Rh5+ Kc6 42. Rc5+ Kb6 43.
Rf5 Rc2 44. Kd4 Rd2+ { Game drawn by mutual agreement } 1/2-1/2

[Event "ICC tourney 2565 (45 10)"]
[Site "Internet Chess Club"]
[Date "2021.05.15"]
[Round "2"]
[White "LEE, ALICE TERESA:binomialfactor"]
[Black "Volkov, Sergey:Volkov"]
[Result "0-1"]
[ICCResult "White resigns"]
[WhiteElo "2173"]
[BlackElo "2607"]
[Opening "QGD Slav: 4.Nc3"]
[ECO "D15"]
[NIC "SL.03"]
[Time "13:31:45"]
[PlyCount "116"]
[TimeControl "2700+10"]

1. d4 d5 2. c4 c6 3. Nc3 Nf6 4. Nf3 a6 5. e3 b5 6. b3 Bg4 7. a4 bxc4 8.
bxc4 e6 9. Be2 Nbd7 10. a5 Bb4 11. Bd2 Bxa5 12. Qa4 Bxc3 13. Bxc3 O-O 14.
Qxc6 dxc4 15. Rxa6 Nd5 16. Ba5 Rxa6 17. Qxa6 Qa8 18. Bxc4 Qxa6 19. Bxa6 Ra8
20. Bd2 Rxa6 21. Ke2 e5 22. dxe5 Nxe5 23. Rb1 f6 24. Rb5 Nb6 25. Ra5 Rxa5
26. Bxa5 Nbc4 27. Bc3 Bh5 28. e4 Nxf3 29. gxf3 Ne5 30. Ke3 Nxf3 31. h3 Kf7
32. Kf4 Ke6 33. Bb2 Nd2 34. Bc3 g5+ 35. Ke3 Nf3 36. Ba5 Nh4 37. Bc7 Ng2+
38. Kd2 Bg6 39. f3 Bh5 40. h4 Bxf3 41. hxg5 fxg5 42. Kd3 Bh5 43. Bg3 Bg6
44. Kd4 Nf4 45. Ke3 Nh5 46. Bh2 Nf6 47. Kf3 Bxe4+ 48. Kg3 Kf5 49. Bg1 h5
50. Bf2 Bc6 51. Kh3 Nd5 52. Kh2 Nf4 53. Bg3 Kg4 54. Bf2 h4 55. Be1 Kf3 56.
Bc3 g4 57. Kh1 g3 58. Bd4 Ke2+ { White resigns } 0-1

[Event "ICC tourney 2565 (45 10)"]
[Site "Internet Chess Club"]
[Date "2021.05.15"]
[Round "2"]
[White "YANG Jr., ANDY:lemonoosa"]
[Black "LANCMAN, KYLE B.:Kyle2007"]
[Result "1-0"]
[ICCResult "Black resigns"]
[WhiteElo "2078"]
[BlackElo "2032"]
[Opening "Queen's pawn: London system"]
[ECO "A45"]
[NIC "QP.07"]
[Time "13:31:42"]
[PlyCount "95"]
[TimeControl "2700+10"]

1. d4 Nf6 2. Bf4 e6 3. e3 d5 4. Nf3 Bd6 5. Bg3 O-O 6. Bd3 b6 7. c3 Bb7 8.
Nbd2 Ne4 9. Ne5 c5 10. Qh5 f5 11. Ndf3 Qe8 12. Qh3 Nd7 13. Bb5 Bc8 14. Bc6
Rb8 15. a4 g5 16. Nxd7 Bxd7 17. Bxd6 g4 18. Qh6 Nxd6 19. Ng5 Qe7 20. Bxd7
Qxd7 21. Qxe6+ Qxe6 22. Nxe6 Rf7 23. Nf4 cxd4 24. cxd4 Rd8 25. Nxd5 Nc4 26.
Nf4 Nxb2 27. Ke2 Nc4 28. Rac1 Na5 29. Rc3 Re7 30. d5 Nb7 31. Rd1 Nc5 32. a5
Ne4 33. Rc6 bxa5 34. Ra1 Rb7 35. f3 Rb2+ 36. Kd3 Rd2+ 37. Kc4 Nd6+ 38. Kc3
Rf2 39. Rxa5 gxf3 40. gxf3 Rxf3 41. Kd4 Rd7 42. Nh5 Kf7 43. Raa6 Ne8 44.
Nf6 Re7 45. Nxh7 Rfxe3 46. Ng5+ Kg8 47. Rg6+ Rg7 48. Kxe3 { Black resigns }
1-0